 Dungeon Crawl Stone Soup version 0.14-a0-1192-g192f278 (webtiles) character file.

726 4tharraofdagon the Firebug (level 7, -2/55 HPs)
             Began as a Naga Fire Elementalist on Dec 1, 2013.
             Killed from afar by Dowan (10 damage)
             ... with a puff of flame
             ... on Level 5 of the Dungeon.
             The game lasted 00:12:16 (1349 turns).

4tharraofdagon the Firebug (Naga Fire Elementalist) Turns: 1349, Time: 00:12:17

HP  -2/55        AC  4     Str 14      XL: 7   Next: 25%
MP   1/13        EV 10     Int 17      God:
Gold 190         SH  0     Dex 12      Spells:  3 memorised,  3 levels left

rFire  . . .     SeeInvis +     l - +3,+2 dwarf hand axe
rCold  . . .     Clarity  .     a - +0 robe
rNeg   . . .     Conserve .     (no shield)
rPois  +         rCorr    .     (no helmet)
rElec  .         rRot     .     (no cloak)
SustAb . .       Spirit   .     m - +0 pair of dwarf gauntlets
rMut   .         Warding  .     (no barding)
Saprov . . .     Stasis   .     (no amulet)
                                p - ring of flight
                                f - +4 ring of strength

@: very slow, somewhat resistant to hostile enchantments, stealthy
A: spit poison, see invisible, deformed body, poison resistance, slowness 2, AC
+2
a: Spit Poison, Evoke Flight


You were on level 5 of the Dungeon.
You were not hungry.

You visited 1 branch of the dungeon, and saw 5 of its levels.
You also visited: Sewer.

You collected 190 gold pieces.

Inventory:

Hand weapons
 g - a +0,+0 mace
 h - a +0,-2 short sword
 l - a +3,+2 dwarven hand axe (weapon)
Armour
 a - a +0 robe (worn)
 m - a +0 pair of dwarven gauntlets (worn)
Comestibles
 c - 2 bread rations
 k - 2 chunks of worker ant flesh
 o - a slice of pizza
 q - a meat ration
 s - a rotting chunk of gnoll flesh
Scrolls
 d - a scroll of fog
 j - 2 scrolls of curse weapon {unknown}
 n - a scroll of noise
Jewellery
 f - a +4 ring of strength (left hand)
 p - a ring of flight (right hand)
Potions
 i - a potion of curing
Books
 b - a book of Flames

   Spells                             Type                      Level
   *Flame Tongue                      Conjuration/Fire             1
   Throw Flame                        Conjuration/Fire             2
   *Conjure Flame                     Conjuration/Fire             3
   Inner Flame                        Hexes/Fire                   3
   *Sticky Flame                      Conjuration/Fire             4
   Fireball                           Conjuration/Fire             5


   Skills:
 - Level 1.5 Dodging
 - Level 3.0 Stealth
 + Level 2.6 Spellcasting
 * Level 4.9 Conjurations
 * Level 5.6 Fire Magic


You had 3 spell levels left.
You knew the following spells:

 Your Spells              Type           Power        Failure   Level  Hunger
a - Flame Tongue          Conj/Fire      ###..        2%          1    #......
b - Conjure Flame         Conj/Fire      ###.....     10%         3    ###....
c - Sticky Flame          Conj/Fire      ###.....     24%         4    #####..


Dungeon Overview and Level Annotations

Branches:
Dungeon (5/16)
 Temple: D:4-7

Altars:
Elyvilon

Annotations:
D:4 Sigmund
D:5 Dowan, Duvessa


Innate Abilities, Weirdness & Mutations

You cannot wear boots.
You can spit poison.
Your serpentine skin is tough (AC +2).
You have supernaturally acute eyesight.
Armour fits poorly on your strangely shaped body.
Your system is resistant to poisons.
You cover ground very slowly.


Message History

Casting: Sticky Flame
Confirm with . or Enter, or press ? or * to list all spells.
Aiming: Sticky Flame
Press: ? - help, Shift-Dir - straight line, f/p - Duvessa
Aim: Duvessa, wielding an elven short sword and wearing a glowing elven leather armour (moderately wounded, poisoned, moving very quickly)
The sticky flame hits Duvessa.
Duvessa resists.
Duvessa is moderately wounded.
Duvessa is covered in liquid flames!
Duvessa burns!
Duvessa barely misses you.
Unknown command.
A crimson imp comes into view.
Duvessa burns!
Duvessa hits you but does no damage.
Unknown command.
Unknown command.
You hit Duvessa.
Duvessa is severely wounded.
You have got your breath back.
Duvessa burns!
Dowan gestures at you while chanting. The puff of flame hits you!
You die...

#....# ############
#....# #...........
.#####....####...........
.........................
#..........##....[.#....
#...........#......###..
#...........#......# #..
######....e.e....########
#.. ..........##@........
####.
..........##.........
#....
...........#####.....
#.... ...........# #.....
#.... .#####.....# ..5..
##### #$....... # ...
...#........ ...
....#........ ...
#....#####... ...


You could see Duvessa (burning), Dowan and a crimson imp.

Vanquished Creatures
  An ogre (D:3)
  A centaur (D:5)
  A phantom (D:4)
  A crocodile (Sewer)
  A hound (D:4)
  An orc wizard (D:4)
  A worker ant (D:5)
  An iguana (D:5)
  A gnoll (D:5)
  A green rat (D:3)
  4 adders
  2 worms
  2 giant geckos
  3 orcs (D:4)
  6 bats
  7 giant cockroaches
  A gnoll zombie (D:5)
  2 goblins
  3 hobgoblins
  4 kobolds
  A ball python skeleton (D:4)
  2 giant newts (D:2)
  A kobold skeleton (D:4)
  A quokka (D:5)
  6 rats
55 creatures vanquished.

Vanquished Creatures (others)
  An orc (D:4)
1 creature vanquished.

Grand Total: 56 creatures vanquished

Notes
Turn   | Place    | Note
--------------------------------------------------------------
     0 | D:1      | 4tharraofdagon, the Naga Fire Elementalist, began the quest for the Orb.
     0 | D:1      | Reached XP level 1. HP: 15/15 MP: 3/3
    34 | D:2      | Reached XP level 2. HP: 22/22 MP: 4/4
    39 | D:2      | Found a white marble altar of Elyvilon.
   281 | D:3      | Reached XP level 3. HP: 22/28 MP: 3/5
   286 | D:3      | Learned a level 3 spell: Conjure Flame
   296 | D:3      | Found a glowing drain.
   328 | D:3      | Noticed an ogre
   338 | D:3      | Killed an ogre
   338 | D:3      | Reached skill level 4 in Fire Magic
   338 | D:3      | Reached XP level 4. HP: 5/36 MP: 0/7
   338 | D:3      | Reached XP level 5. HP: 5/42 MP: 0/9
   521 | Sewer    | Entered a sewer
   582 | Sewer    | Noticed a crocodile
   646 | Sewer    | Ladykiller69: why are you playing a NaFe :D
   649 | Sewer    | 4tharraofdagon: idk
   649 | Sewer    | 4tharraofdagon: this is good combo :D
   656 | Sewer    | Ladykiller69: it seems bad tbh
   657 | Sewer    | Killed a crocodile
   657 | Sewer    | Reached XP level 6. HP: 21/49 MP: 0/11
   801 | D:4      | Noticed Sigmund
   825 | D:4      | Learned a level 4 spell: Sticky Flame
   851 | D:4      | 4tharraofdagon: well ok
   851 | D:4      | 4tharraofdagon: its easy,not good :p
   902 | D:4      | Ladykiller69: the only thing that actually sounds good with nagas is transmuter
   902 | D:4      | Reached skill level 5 in Fire Magic
   940 | D:4      | Ladykiller69: and those have a horrible early game
   954 | D:4      | Daniel: NaFi
   970 | D:4      | Ladykiller69: no
   981 | D:4      | Daniel: ya
   982 | D:4      | Ladykiller69: if anything NaGl
  1000 | D:4      | bart: namo
  1049 | D:4      | Found a white marble altar of Elyvilon.
  1152 | D:5      | Entered Level 5 of the Dungeon
  1187 | D:4      | Ladykiller69: that maybe
  1216 | D:5      | :(
  1216 | D:5      | Ladykiller69: but Na has not nearly enough upsides to offset their horribleness
  1218 | D:5      | Reached XP level 7. HP: 15/55 MP: 1/13
  1319 | D:5      | Daniel: they are good with shields
  1319 | D:5      | Daniel: and good hp
  1337 | D:5      | Noticed Duvessa
  1338 | D:5      | Noticed Dowan
  1340 | D:5      | timbw: what are good with shields?
  1340 | D:5      | Daniel: have innate ranged attack
  1340 | D:5      | 4tharraofdagon: im ded
  1340 | D:5      | Daniel: naga
  1340 | D:5      | timbw: oh ure talking nagas
  1340 | D:5      | Ladykiller69: that misses half the time
  1340 | D:5      | Daniel: still
  1340 | D:5      | Daniel: better than nothing
  1345 | D:5      | timbw: tele?
  1349 | D:5      | Killed from afar by Dowan

Action                   |  1- 3 |  4- 6 |  7- 9 || total
-------------------------+-------+-------+-------++-------
Melee: Short sword       |    15 |    43 |       ||    58
       Hand axe          |       |       |     9 ||     9
 Cast: Flame Tongue      |    16 |    30 |     3 ||    49
       Conjure Flame     |       |     7 |       ||     7
       Sticky Flame      |       |     1 |     4 ||     5
 Abil: Spit Poison       |    14 |    29 |     3 ||    46
  Use: Potion            |       |     5 |       ||     5
       Scroll            |       |     3 |     4 ||     7
